 Dungeon Crawl Stone Soup version 0.18.1-6-gd335043 (webtiles) character file.

70182 oplop the Nimble (level 14, -7/168 HPs)
             Began as a Troll Transmuter on May 18, 2016.
             Was the Champion of Cheibriados.
             Mangled by Norris
             ... wielding a +3 falchion
              (33 damage)
             ... while paralysed by Norris
             ... on level 14 of the Dungeon on May 19, 2016.
             The game lasted 01:02:40 (18386 turns).

oplop the Nimble (Troll Transmuter)                Turns: 18386, Time: 01:02:41

Health: -7/168     AC:  7    Str: 34 (36) XL:     14   Next: 93%
Magic:  11/19      EV:  1    Int: 22 (25) God:    Cheibriados [******]
Gold:   1036       SH:  0    Dex: 28      Spells: 6 memorised, 7 levels left

rFire  . . .     SeeInvis .       - Unarmed
rCold  + + +     Gourm    +     (armour currently unavailable)
rNeg   . . .     Faith    .     (shield currently unavailable)
rPois  +         Spirit   .     (helmet currently unavailable)
rElec  .         Dismiss  .     (cloak currently unavailable)
rCorr  .         Reflect  .     (gloves unavailable)
SustAt .         Harm     .     (boots unavailable)
MR     +....                    v - amulet of magic regeneration (curse)
Stlth  ++........               B - ring of protection from fire
                                U - +3 ring of evasion

@: paralysed, about to teleport, ice-form, repel missiles, very slow, somewhat
resistant to hostile enchantments, unstealthy
A: unfitting armour, (claws 0), (talons 0), (yellow scales 0), deterioration 1,
fast metabolism 3, gourmand, regeneration 2, (shaggy fur 0), (tough skin 0),
(sturdy frame 0)
a: End Transformation, Bend Time, Temporal Distortion, Slouch, Step From Time,
Renounce Religion


You were on level 14 of the Dungeon.
You worshipped Cheibriados.
Cheibriados was exalted by your worship.
You were full.
You were a creature of crystalline ice.
You visited 2 branches of the dungeon, and saw 22 of its levels.
You also visited: Ossuary and Ice Cave.

You collected 1760 gold pieces.
You spent 724 gold pieces at shops.

Inventory:

Hand Weapons
 g - a +0 blowgun
Missiles
 a - 336 arrows
 r - 8 curare-tipped needles
 Y - 10 large rocks (quivered)
Armour
 J - a +1 shadow dragon armour
 M - the +4 robe of the Carpenter (melded) {+Blink rPois Int+8}
   (You bought it in a shop on level 5 of the Dungeon)

   It affects your intelligence (+8).
   It protects you from poison.
   It lets you blink.
Jewellery
 t - an uncursed ring of sustain attributes
 v - a cursed amulet of magic regeneration (around neck)
 y - an uncursed ring of resist corrosion
 B - a ring of protection from fire (right front paw)
 U - a +3 ring of evasion (left front paw)
Wands
 b - a wand of digging (5/24)
 h - a wand of teleportation (5/9)
 D - a wand of paralysis (6/24)
 E - a wand of lightning (9/15)
 H - a wand of digging (14/24)
 I - a wand of acid (4/15)
 P - a wand of paralysis (14/24)
 V - a wand of polymorph (13/24)
 W - a wand of acid (9/15)
Scrolls
 e - a scroll of blinking
 f - 16 scrolls of remove curse
 i - 2 scrolls of teleportation
 k - 6 scrolls of amnesia
 m - 2 scrolls of enchant armour
 n - 3 scrolls of noise
 o - 4 scrolls of immolation
 s - 9 scrolls of enchant weapon
 A - a scroll of magic mapping
 F - 4 scrolls of fog
 G - a scroll of summoning
 L - 2 scrolls of recharging
 N - a scroll of brand weapon {unknown}
 Q - 2 scrolls of fear
 T - 2 scrolls of identify
Potions
 c - a potion of magic
 u - a potion of cure mutation
 w - a potion of flight
 x - 5 potions of curing
 z - 2 potions of heal wounds
 K - 6 potions of lignification
 O - 3 potions of berserk rage
 R - 3 potions of ambrosia
 S - 2 potions of invisibility
 X - a potion of agility
Books
 p - a book of Minor Magic

   Spells                             Type                      Level
   a - Magic Dart                     Conjuration                  1
   b - Blink                          Translocation                2
   c - Call Imp                       Summoning                    2
   d - Repel Missiles                 Charms/Air                   2
   e - Slow                           Hexes                        2
   f - Conjure Flame                  Conjuration/Fire             3
   g - Mephitic Cloud                 Conjuration/Poison/Air       3
Comestibles
 d - 20 bread rations
 j - 14 beef jerkies
 l - 18 royal jellies
 q - 4 slices of pizza
 C - 6 meat rations
 Z - 16 fruits


   Skills:
 - Level 9.0 Fighting
 - Level 7.2 Throwing
 + Level 0.0 Armour
 - Level 13.7 Dodging
 - Level 11.1 Unarmed Combat
 - Level 4.1 Spellcasting
 - Level 1.0 Translocations
 + Level 4.8 Transmutations
 + Level 2.3 Ice Magic
 - Level 8.2 Invocations


You had 7 spell levels left.
You knew the following spells:

 Your Spells              Type           Power        Failure   Level  Hunger
a - Beastly Appendage     Trmt           ####..       1%          1    None
b - Sticks to Snakes      Trmt           ####....     2%          2    #......
c - Spider Form           Trmt/Pois      ###.......   14%         3    ##.....
d - Ice Form              Ice/Trmt       ###.....     28%         4    ####...
e - Blink                 Tloc           N/A          12%         2    #......
f - Repel Missiles        Chrm/Air       #.....       17%         2    #......


Dungeon Overview and Level Annotations

Branches:
Dungeon (14/15) Temple (0/1) D:4 Lair (8/8) D:10 Swamp (0/4) Lair:3 Spider (0/4) Lair:3 Slime (0/6) Lair:6 Orc (0/2) D:9 Vaults (0/5) D:13 D:14

Altars:
Ashenzari
Cheibriados
Dithmenos
Kikubaaqudgha
Makhleb
Nemelex Xobeh
Okawaru
Pakellas
Ru
Xom
Yredelemnul
Jiyva

Shops:
D:5 [}   D:8 :   D:12 }

Portals:
Trove: D:11 (give wand of heal wounds (9))

Annotations:
D:4 Denapoli's ghost, novice HEHu
D:9 Denapoli's ghost, novice TrMo
D:11 1 exclusion
D:13 Rupert
D:14 Donald; Norris
Lair:1 exclusions: ice statue and oklob plant


Innate Abilities, Weirdness & Mutations

You are too large for most types of armour.
((You have claws for hands.))
Your metabolism is lightning-fast.
You like to eat raw meat.
You heal very quickly.
((You are covered in fur (AC +1).))
((You have very tough skin (AC +2).))
((You have sharp toenails.))
((You are partially covered in yellow scales (AC +2).))
Your body sometimes deteriorates upon taking damage.
((Your movements are slightly less encumbered by armour (ER -2).))


Message History

You writhe in agony.
* * * LOW HITPOINT WARNING * * *
The human completely misses you.
Read which item? (? for menu, Esc to quit)
As you read the scroll of teleportation, it crumbles to dust.
You feel strangely unstable.
The human is no longer moving slowly.
The human misses you. The human closely misses you.
Norris invokes the aid of his god against you.
You suddenly lose the ability to move!
The human hits you!
* * * LOW HITPOINT WARNING * * *
Donald says, "You're not very quick on the uptake, are you?"
Donald hits you from afar with a demon trident of pain!
* * * LOW HITPOINT WARNING * * *
You writhe in agony.
* * * LOW HITPOINT WARNING * * *
The human hits you but does no damage. x3; The human hits you.
* * * LOW HITPOINT WARNING * * *
Norris looks and intones, "So much life I see, so little death.
Pity that!"
Norris hits you with an enchanted falchion!!
You die... #. #.### #...# #[ ...J. ##...# . #.##.##.##### #)§.§§ ).##....##..#..##§§.§§§ ......p.......##§§§§..§ .......(###c##..§§§.... ...##.@.((...#......_.§ #pp@p####.........§§ #pYp#

###..#..§..§§
#.#.###...###§§§§§§
#.#.#...### ##§...§
#.#...### #####§..# ..
#.#..######.#......
....###.......##..###.#..
.........####.##.####....
######.## #..........#.
#)# ###.##..#.###


You could see Norris, Donald and 6 humans.

Vanquished Creatures
  Kirke (Lair:8)
  Azrael (D:12)
  Snorg (Lair:5)
  Fannar (D:12)
  4 hydras
  2 centaur warriors (D:13)
  7 death yaks
  A fire crab (Lair:8)
  An unseen horror (D:12)
  4 hill giants
  An ugly thing (D:12)
  2 cyclopes (D:14)
  2 deep elf magi (D:12)
  11 elephants
  Joseph (D:7)
  6 black mambas
  A torpor snail (Lair:7)
  A gargoyle (D:12)
  2 rime drakes (Lair:5)
  A kobold demonologist (D:12)
  13 spiny frogs
  2 spriggan druids (Lair:8)
  2 trolls
  9 komodo dragons
  A queen bee (Lair:2)
  Grinder (D:3)
  A two-headed ogre (D:13)
  9 polar bears
  8 blink frogs
  5 redbacks
  A vampire (D:13)
  3 shadows
  9 spriggans (Lair:8)
  5 hogs (Lair:8)
  2 wyverns
  A basilisk (Lair:3)
  49 yaks
  Eustachio (D:5)
  A steam dragon (Lair:5)
  A human (D:14)
  2 fire elementals (D:11)
  Grum (Lair:1)
  2 vampire mosquitoes (D:13)
  2 hungry ghosts
  17 hippogriffs
  Menkaure (D:5)
  Edmund (D:5)
  A soldier ant (D:12)
  19 water moccasins
  Duvessa (D:7)
  5 hell hounds (D:12)
  A sky beast (D:12)
  6 orc warriors
  A swamp drake (D:9)
  3 ice beasts
  11 porcupines
  2 eyes of draining
  A phantom (D:8)
  7 black bears
  2 wasps (Lair:8)
  4 centaurs
  60 wolves
  7 ogres
  2 big kobolds
  10 crocodiles
  2 elf zombies (Ossuary)
  18 giant frogs
  A wyvern zombie (D:13)
  A gnoll sergeant (D:7)
  4 scorpions
  Dowan (D:7)
  35 killer bees
  3 electric eels
  4 howler monkeys
  8 crimson imps
  4 quasits
  4 centaur zombies
  11 jellies
  7 hounds
  8 orc priests
  2 human zombies (Ossuary)
  A giant frog zombie (D:10)
  8 iguanas
  2 giant frog skeletons
  13 worker ants
  Terence (D:3)
  Natasha (twice) (D:3)
  12 orc wizards
  11 sheep
  2 big kobold zombies (Ossuary)
  2 hound zombies (Ossuary)
  2 hound skeletons
  3 mummies (Ossuary)
  A worker ant zombie (D:5)
  7 gnolls
  A howler monkey skeleton (D:7)
  7 adders
  36 river rats
  7 shadow imps
  A white imp (Lair:1)
  15 oozes (Lair:1)
  An adder skeleton (D:8)
  3 adder zombies (Ossuary)
  4 worms
  3 dart slugs
  6 giant geckos
  51 orcs
  6 bats
  6 giant cockroaches
  5 hobgoblins
  6 jackals (D:8)
  19 kobolds
  5 quokkas
  A giant cockroach zombie (D:6)
  A giant gecko zombie (D:6)
  4 giant newts
  A gnoll zombie (Ossuary)
  12 goblins
  4 goblin zombies (Ossuary)
  2 hobgoblin zombies (Ossuary)
  4 jackal zombies
  2 orc zombies (Ossuary)
  6 quokka zombies (Ossuary)
  5 rats
  6 rat zombies (Ossuary)
754 creatures vanquished.

Vanquished Creatures (collateral kills)
  Natasha (D:3)
  A kobold (D:2)
  A giant newt (D:3)
3 creatures vanquished.

Vanquished Creatures (others)
  A human (Lair:8)
  A jelly (D:7)
  A bush (Lair:8)
  61 fungi
  19 plants
83 creatures vanquished.

Grand Total: 840 creatures vanquished

Notes
Turn   | Place    | Note
--------------------------------------------------------------
     0 | D:1      | oplop the Troll Transmuter began the quest for the Orb.
     0 | D:1      | Reached XP level 1. HP: 18/18 MP: 1/1
     0 | D:1      | Wingboner: И почему обязательно минотавром?
    40 | D:1      | Wingboner: Вон берёшь выбор Немелекса и вперёдю
    72 | D:1      | namelastname112: смерть мерзкая
   147 | D:1      | namelastname112: от червя
   152 | D:1      | Reached XP level 2. HP: 22/26 MP: 0/3
   359 | D:1      | Wingboner: Персонаж зарыт.
   412 | D:1      | Wingboner: В нём червие.
   827 | D:2      | Reached XP level 3. HP: 32/32 MP: 4/4
   893 | D:2      | oplop: бля
   893 | D:2      | oplop: а чем гидр то бить
   896 | D:2      | Learned a level 2 spell: Sticks to Snakes
   896 | D:2      | Wingboner: Булыжниками, формой льда.
   896 | D:2      | Wingboner: Вандами.
   896 | D:2      | Wingboner: Слаучем.
   978 | D:2      | Reached skill level 1 in Fighting
  1101 | D:2      | Reached XP level 4. HP: 40/41 MP: 5/5
  1317 | D:2      | Found a basalt altar of Yredelemnul.
  1343 | D:2      | Found a snail-covered altar of Cheibriados.
  1402 | D:2      | oplop: о
  1402 | D:2      | oplop: ранний алтарь, ранняя смерть
  1402 | D:2      | Wingboner: Лол.
  1402 | D:2      | Became a worshipper of Cheibriados the Contemplative
  1403 | D:2      | Wingboner: Время фокусить додж.
  1403 | D:2      | Wingboner: Додж сам не зафокусится.
  1403 | D:2      | oplop: зойчем?
  1438 | D:3      | Found a faded altar to an unknown god.
  1446 | D:3      | Reached skill level 2 in Dodging
  1468 | D:3      | Wingboner: Ты чего?
  1468 | D:3      | oplop: а, ну в принципе чеи дексы навалит
  1468 | D:3      | Wingboner: Чеистаты.
  1468 | D:3      | oplop: норм будет
  1493 | D:3      | Noticed Natasha
  1499 | D:3      | Killed Natasha
  1500 | D:3      | Wingboner: С Чеи в 90% случаев в начале надо фокусить додж.
  1511 | D:3      | Noticed Natasha
  1520 | D:3      | Killed Natasha
  1520 | D:3      | Reached XP level 5. HP: 46/49 MP: 4/6
  1528 | D:3      | Noticed Natasha
  1528 | D:3      | oplop: бля
  1528 | D:3      | Wingboner: До 10-15, в зависимости от персонажа.
  1528 | D:3      | oplop: упорный кот
  1541 | D:3      | Killed Natasha
  1541 | D:3      | Reached skill level 1 in Invocations
  1586 | D:3      | Found a shimmering altar of Xom.
  1648 | D:3      | Noticed Grinder
  1648 | D:3      | Paralysed by Grinder for 7 turns
  1657 | D:3      | Paralysed by Grinder for 2 turns
  1746 | D:4      | Noticed an ogre
  1755 | D:4      | Killed an ogre
  1755 | D:4      | Reached skill level 3 in Dodging
  1755 | D:4      | Reached XP level 6. HP: 48/57 MP: 0/7
  1782 | D:4      | Found a sand-covered staircase.
  1793 | Ossuary  | Entered an ossuary
  1823 | Ossuary  | Reached * piety under Cheibriados
  2044 | Ossuary  | Reached ** piety under Cheibriados
  2044 | Ossuary  | Reached XP level 7. HP: 44/66 MP: 8/8
  2103 | Ossuary  | Reached skill level 4 in Dodging
  2256 | D:3      | Found a shattered altar of Ashenzari.
  2346 | D:3      | Found a burning altar of Makhleb.
  2416 | D:3      | Noticed Terence
  2424 | D:3      | Killed Terence
  2467 | D:3      | Gained mutation: Your movements are slightly less encumbered by armour (ER -2). [potion of mutation]
  2467 | D:3      | Gained mutation: Your body sometimes deteriorates upon taking damage. [potion of mutation]
  2478 | D:3      | Killed Grinder
  2478 | D:3      | Reached skill level 5 in Unarmed Combat
  2478 | D:3      | Reached XP level 8. HP: 75/75 MP: 9/9
  2626 | D:4      | Found a staircase to the Ecumenical Temple.
  2626 | D:4      | Noticed Denapoli's ghost (novice HEHu)
  2709 | D:5      | Entered Level 5 of the Dungeon
  2709 | D:5      | Found Annes's Armour Shoppe.
  2763 | D:5      | Reached skill level 5 in Dodging
  2847 | D:5      | Noticed Edmund
  2859 | D:5      | Killed Edmund
  2951 | D:5      | oplop: интеллектуальная роба
  2951 | D:5      | oplop: НАДО
  3002 | D:5      | Noticed Menkaure
  3007 | D:5      | Killed Menkaure
  3054 | D:5      | Wingboner: Ещё и остальные статы годные.
  3060 | D:5      | Reached *** piety under Cheibriados
  3126 | D:5      | Found Seac's Quality Used Wands.
  3163 | D:5      | Found a shattered altar of Ashenzari.
  3353 | D:5      | Noticed Eustachio
  3365 | D:5      | Killed Eustachio
  3851 | D:6      | oplop: ммм
  3851 | D:6      | oplop: а когда тровинг качать?
  3902 | D:6      | Found a sparkling altar of Nemelex Xobeh.
  4291 | D:7      | Noticed Duvessa
  4294 | D:7      | Noticed Dowan
  4299 | D:7      | Noticed Joseph
  4377 | D:7      | Reached skill level 6 in Dodging
  4409 | D:7      | Reached **** piety under Cheibriados
  4409 | D:7      | Reached XP level 9. HP: 74/84 MP: 11/11
  4507 | D:7      | Wingboner: Никогда?
  4508 | D:7      | Killed Dowan
  4510 | D:7      | Wingboner: Не, ну если хочешь, то можно.
  4510 | D:7      | oplop: ларжроки так кидать чтоле? СУРОВО
  4518 | D:7      | Killed Duvessa
  4562 | D:7      | Killed Joseph
  4852 | D:7      | Reached skill level 7 in Dodging
  4963 | D:7      | Reached skill level 5 in Invocations
  5104 | D:7      | Found an oddly glowing altar of Pakellas.
  5104 | D:7      | Noticed an orange crystal statue
  5463 | D:8      | Reached ***** piety under Cheibriados
  5465 | D:8      | Reached skill level 5 in Fighting
  5559 | D:8      | Found Zis Argh's Book Shoppe.
  5852 | D:8      | Found an iron altar of Okawaru.
  6008 | D:8      | Reached XP level 10. HP: 91/96 MP: 13/13
  6099 | D:8      | Found a sacrificial altar of Ru.
  6099 | D:8      | Found an ancient bone altar of Kikubaaqudgha.
  6142 | D:9      | Found a staircase to the Orcish Mines.
  6654 | D:9      | Noticed Denapoli's ghost (novice TrMo)
  6850 | D:10     | Entered Level 10 of the Dungeon
  6907 | D:10     | Reached skill level 8 in Dodging
  6928 | D:10     | Noticed a hill giant
  6939 | D:10     | Killed a hill giant
  7103 | D:5      | Bought the +4 robe of the Carpenter {+Blink rPois Int+8} for 724 gold pieces
  7171 | D:5      | Learned a level 3 spell: Spider Form
  7296 | D:9      | namelastname112: вообще надо бы
  7296 | D:9      | namelastname112: тровинг-то
  7296 | D:9      | oplop: ларжроков тольк нету, лол
  7296 | D:9      | namelastname112: у ларж рока дилей 2.0
  7296 | D:9      | namelastname112: да будут
  7296 | D:9      | namelastname112: хули
  7309 | D:9      | namelastname112: циклопа найди
  7413 | D:10     | Noticed a hill giant
  7423 | D:10     | Killed a hill giant
  7470 | D:10     | Found a staircase to the Lair.
  7534 | D:10     | oplop: я вот думаю
  7534 | D:10     | oplop: мне айсформа нужна?
  7534 | D:10     | Wingboner: Да.
  8481 | D:11     | Noticed a hill giant
  8492 | D:11     | Killed a hill giant
  8492 | D:11     | Reached skill level 9 in Dodging
  8500 | D:11     | Found a portal to a secret trove of treasure.
  8530 | D:11     | oplop: охуевшая трова
  8579 | D:11     | Noticed a five-headed hydra
  8704 | D:11     | Learned a level 4 spell: Ice Form
  8723 | D:12     | Noticed Azrael
  8728 | D:12     | Wingboner: ??title
  8728 | D:12     | beem: 1/1. https://github.com/crawl/crawl/blob/master/crawl-ref/source/skills.cc#l64
  8728 | D:12     | Reached XP level 11. HP: 89/105 MP: 14/14
  8809 | D:12     | Wingboner: ??god title
  8809 | D:12     | beem: I don't have a page labeled god_title in my learndb.
  8810 | D:12     | Wingboner: ??god titles
  8811 | D:12     | beem: I don't have a page labeled god_titles in my learndb.
  8813 | D:12     | Killed Azrael
  8853 | D:12     | Wingboner: ??invocation titles
  8854 | D:12     | beem: I don't have a page labeled invocation_titles in my learndb.
  8891 | D:12     | Wingboner: !source describe-god.cc
  8893 | D:12     | beem: https://github.com/crawl/crawl/blob/master/crawl-ref/source/describe-god.cc
  8933 | D:12     | Found Gablarph's Gadget Emporium.
  8934 | D:12     | Noticed Fannar
  8945 | D:12     | Killed Fannar
  8945 | D:12     | Reached skill level 10 in Dodging
  8995 | D:12     | Found a frozen archway.
  8999 | IceCv    | Entered an ice cave
  9000 | IceCv    | oplop: мммм
  9000 | IceCv    | oplop: я думаю можно сразу выходить
  9000 | IceCv    | oplop: нечего тут ловить
  9000 | IceCv    | oplop: м?
  9000 | IceCv    | barbarian: а как же експириенс
  9000 | IceCv    | oplop: >hydra simulacrum bites you! x8
  9000 | IceCv    | oplop: >ouch!
  9000 | IceCv    | oplop: >you die...
  9000 | IceCv    | barbarian: может быть и так
  9042 | D:12     | Wingboner: Внимание, вопрос:
  9043 | D:12     | Killed an unseen horror
  9046 | D:12     | Wingboner: Творить ересь на орбране или не стоит?
  9070 | D:12     | Noticed a deep elf mage
  9071 | D:12     | oplop: какую ересь?
  9071 | D:12     | Wingboner: Ачивку хочется, но есть шанс помереть.
  9072 | D:12     | Wingboner: Дропнуть Чеи, взят Трога.
  9074 | D:12     | Killed a deep elf mage
  9104 | D:12     | oplop: это что заа ачивка?
  9249 | D:12     | Reached skill level 1 in Ice Magic
  9252 | D:12     | barbarian: можно рискнуть
  9255 | D:12     | Wingboner: Prophet 2/3 будет, ещё один раз останется.
  9255 | D:12     | oplop: не надо короче
  9255 | D:12     | Noticed a deep elf mage
  9266 | D:12     | Killed a deep elf mage
  9432 | D:12     | Noticed a red ugly thing
  9432 | D:12     | Wingboner: Ладно, не буду.
  9439 | D:12     | Killed a red ugly thing
  9727 | D:12     | Reached XP level 12. HP: 108/113 MP: 16/16
  9924 | D:13     | Noticed a centaur warrior
  9935 | D:13     | Killed a centaur warrior
  9977 | D:13     | Wingboner: Стрик3 Немелексом.
  9977 | D:13     | Wingboner: Надо не запороть стрик4.
  9977 | D:13     | oplop: найс
 10225 | D:13     | Noticed a centaur warrior
 10234 | D:13     | Killed a centaur warrior
 10576 | D:14     | Found a shadowy altar of Dithmenos.
 10611 | D:14     | Wingboner: Эх, у Немелекса сейчас нет ничего такого, чем я мог бы рискнуть в стрике.
 10692 | D:14     | oplop: ммм
 10692 | D:14     | oplop: формицид неоче?
 10692 | D:14     | Wingboner: Последний хороший вариант только что сделал.
 10692 | D:14     | Wingboner: Оче неоче.
 10693 | D:14     | Noticed a centaur warrior
 10702 | D:14     | oplop: оо, циклоп
 10702 | D:14     | oplop: ща будет *splat*
 10702 | D:14     | oplop: когда в меня ларжрок влетит
 10702 | D:14     | Wingboner: Да тут целый комитет по встрече.
 10724 | D:14     | HP: 5/113 [cyclops (22)]
 10830 | D:14     | Noticed a centaur warrior
 10956 | D:11     | Reached skill level 1 in Throwing
 10982 | Lair:1   | Entered Level 1 of the Lair of Beasts
 10990 | Lair:1   | Reached skill level 11 in Dodging
 11120 | Lair:1   | barbarian: что сокровищница требует?
 11120 | Lair:1   | oplop: хв9
 11120 | Lair:1   | oplop: ванд
 11322 | Lair:1   | Noticed Grum
 11331 | Lair:1   | Killed Grum
 11364 | Lair:1   | Wingboner: О, у нас нет победы с Трогом.
 11390 | Lair:1   | Wingboner: Я его возьму.
 11390 | Lair:1   | oplop: да? забавно
 11717 | Lair:1   | Wingboner: !lg * cv=0.18 tournament be s=-won
 11738 | Lair:1   | beem: Unknown field: won
 11870 | Lair:1   | Wingboner: !lg * cv=0.18 tournament be won s=-char
 11871 | Lair:1   | beem: 125 games for * (cv=0.18 tournament be won): FoBe, CeBe, TrBe, TeBe, FeBe, HEBe, MfBe, 2x HaBe, 2x HuBe, 2x NaBe, 3x KoBe, 4x VSBe, 4x OgBe, 5x DsBe, 6x DDBe, 7x HOBe, 20x GrBe, 63x MiBe
 11917 | Lair:1   | Wingboner: !hs * cv=0.18 tournament hube
 11918 | Lair:1   | beem: 135. Haifisch the Axe Maniac (L27 HuBe of Zin), escaped with the Orb and 15 runes on 2016-05-18 22:21:03, with 14931545 points after 105326 turns and 9:24:43.
 11924 | Lair:1   | barbarian: лол,формицид берс
 11934 | Lair:1   | barbarian: как на этом можно выиграть?
 11935 | Lair:1   | Wingboner: !hs * cv=0.18 tournament cebe
 11936 | Lair:1   | beem: 15. edsrzf the Slayer (L27 CeBe of Trog), escaped with the Orb and 3 runes on 2016-05-10 05:14:58, with 1573442 points after 99834 turns and 5:02:45.
 11947 | Lair:1   | oplop: берешь и выигрываешь
 11947 | Lair:1   | Wingboner: Даже мумией берсом проще, чем многими другими мумиями.
 11947 | Lair:1   | oplop: без задней мысли
 11947 | Lair:1   | Wingboner: Я вот думаю или CeBe или HuBe.
 11947 | Lair:1   | Wingboner: Ce, наверное.
 12007 | Lair:2   | Reached ****** piety under Cheibriados
 12007 | Lair:2   | Reached XP level 13. HP: 113/123 MP: 13/18
 12013 | Lair:2   | oplop: сука
 12013 | Lair:2   | oplop: плакало мое пиити
 12013 | Lair:2   | oplop: 3 слоача
 12021 | Lair:2   | oplop: 4
 12369 | Lair:2   | Learned a level 2 spell: Blink
 12796 | Lair:3   | Found a staircase to the Swamp.
 12893 | Lair:3   | Found a hole to the Spider Nest.
 13157 | Lair:3   | Reached skill level 1 in Translocations
 13305 | Lair:3   | Reached skill level 12 in Dodging
 13833 | Lair:4   | Got a faintly humming robe
 13939 | Lair:4   | Identified a scroll of acquirement
 13939 | Lair:4   | oplop: мммм
 13939 | Lair:4   | oplop: армор взять?
 13970 | Lair:4   | Identified the +3 robe of Usijoet {rPois} (You found it on level 4 of the Lair of Beasts)
 14605 | Lair:5   | Reached skill level 5 in Throwing
 14861 | Lair:5   | Noticed Snorg
 14869 | Lair:5   | Killed Snorg
 14885 | Lair:5   | Reached skill level 10 in Unarmed Combat
 15566 | Lair:6   | Wingboner: Мне нужно убить ещё 1 уника для harvest 3/
 15569 | Lair:6   | oplop: гм
 15569 | Lair:6   | Wingboner: Dissolution, Ignacio, Murray, Prince Ribbit, Purgy, Roxanne, Tiamat
 15569 | Lair:6   | Wingboner: Любого из этих.
 15569 | Lair:6   | oplop: а сколько всего уников?
 15569 | Lair:6   | oplop: лол
 15569 | Lair:6   | Wingboner: 78 вроде.
 15569 | Lair:6   | oplop: ты риббита не нашел
 15569 | Lair:6   | Wingboner: Нет!
 15569 | Lair:6   | Wingboner: Я и алтарь экуменический не нашёл.
 15569 | Lair:6   | Wingboner: !lg * be tournament won s=-char
 15569 | Lair:6   | beem: 125 games for * (be tournament won): FoBe, CeBe, TrBe, TeBe, FeBe, HEBe, MfBe, 2x HaBe, 2x HuBe, 2x NaBe, 3x KoBe, 4x VSBe, 4x OgBe, 5x DsBe, 6x DDBe, 7x HOBe, 20x GrBe, 63x MiBe
 15569 | Lair:6   | Wingboner: Стоп-стоп.
 15569 | Lair:6   | Wingboner: А, тьфу, показалось.
 15569 | Lair:6   | Wingboner: Что бе не выигран.
 15569 | Lair:6   | oplop: Dissolution, Ignacio, Khufu, Murray, Purgy, Tiamat, Xtahua
 15569 | Lair:6   | Wingboner: *дсбе
 15569 | Lair:6   | oplop: мне тоже одного
 15569 | Lair:6   | Wingboner: !hs * tournament drbe
 15569 | Lair:6   | beem: 181. andrew the Shatterer (L19 DrBe of Trog), mangled by a redback on Spider:4 (grunt_spider_rune_parallel) on 2016-05-10 19:28:33, with 240696 points after 61060 turns and 4:55:15.
 15569 | Lair:6   | Wingboner: О.
 15569 | Lair:6   | oplop: #?
 15569 | Lair:6   | oplop: что
 15582 | Lair:6   | Wingboner: Не выигран в турнире.
 15582 | Lair:6   | oplop: ??purgy
 15582 | Lair:6   | beem: purgy[1/4]: An unusually thin and nervous troll. Sad, really. :(
 15582 | Lair:6   | oplop: ??purgy[2
 15582 | Lair:6   | beem: purgy[2/4]: True professionals who play trolls will religiously kill and wear Purgy to prove they are the mightiest troll bully of them all. What a bunch of trolls. :(
 15582 | Lair:6   | oplop: ??purgy[3
 15582 | Lair:6   | beem: purgy[3/4]: Do it. Be the troll troll. :(
 15582 | Lair:6   | oplop: ??purgy[4
 15582 | Lair:6   | beem: purgy[4/4]: Purgy wins 10.34% of battles against sewer.
 15662 | Lair:6   | oplop: мне аквар дал шедоу драгон армор
 15662 | Lair:6   | Reached XP level 14. HP: 135/135 MP: 16/19
 15667 | Lair:6   | oplop: хз, инты маловато
 15683 | Lair:6   | oplop: ??shadow dragon armour
 15683 | Lair:6   | beem: shadow dragon armour[1/1]: 10AC, 15 ER, Stlth++++ (Stlth+ compared to robes). Can be created by enchanting a shadow dragon hide.
 15749 | Lair:6   | Found a staircase to the Slime Pits.
 15749 | Lair:6   | Found a viscous altar of Jiyva.
 16617 | Lair:8   | Entered Level 8 of the Lair of Beasts
 16750 | Lair:8   | Wingboner: О. У меня канализация, в которой вроде должен быть Пуржи.
 16758 | Lair:8   | Reached skill level 13 in Dodging
 16785 | Lair:8   | Wingboner: Есть. Был.
 16785 | Lair:8   | oplop: что насчет шадоу драгон армора скажешь?
 16785 | Lair:8   | oplop: грац
 16785 | Lair:8   | oplop: харвест это хорошо
 16791 | Lair:8   | Wingboner: Скажу носить пока.
 16793 | Lair:8   | oplop: а как же роба
 16793 | Lair:8   | oplop: +8 инты
 16807 | Lair:8   | Wingboner: А её носить когда найдёшь статую.
 16807 | Lair:8   | oplop: я в шда не могу кастовать
 16807 | Lair:8   | oplop: надо армар качать видимо
 16818 | Lair:8   | Wingboner: Ну это пока.
 16838 | Lair:8   | Wingboner: Легко решается.
 16838 | Lair:8   | oplop: чем?
 16843 | Lair:8   | Wingboner: Тмутами и армором.
 17385 | Lair:8   | Gained mutation: You have sharp toenails. [potion of mutation]
 17385 | Lair:8   | Gained mutation: You are partially covered in yellow scales (AC +2). [potion of mutation]
 17496 | Lair:8   | Noticed Kirke
 17513 | Lair:8   | Killed Kirke
 18112 | Lair:1   | Learned a level 2 spell: Repel Missiles
 18207 | D:14     | Found a gate to the Vaults.
 18207 | D:14     | Noticed Rupert
 18207 | D:14     | Noticed Norris
 18207 | D:14     | Noticed Donald
 18208 | D:14     | oplop: 4 slime creatures, a cyclops, 10 humans, a freezing wraith, Donald, Rupert and Norris come into view.
 18208 | D:14     | oplop: охуенно спустился
 18367 | D:14     | Paralysed by Norris for 7 turns
 18385 | D:14     | Paralysed by Norris for 4 turns
 18386 | D:14     | Mangled by Norris

Skill      XL: |  1  2  3  4  5  6  7  8  9 10 11 12 13 14 |
---------------+-------------------------------------------+-----
Transmutations | 2 4 |  4.8
Fighting       | 1 2 3 4 5 6 7 9 |  9.0
Dodging        | 2 3 4 6 7 9 10 11 12 13 | 13.7
Invocations    | 1 2 3 4 5 6 7 8 |  8.2
Unarmed Combat | 4 5 7 8 10 11 | 11.1
Spellcasting   | 2 3 4 |  4.1
Ice Magic      | 1 2 |  2.3
Throwing       | 3 5 7 |  7.2
Translocations | 1 |  1.0

Action                   |  1- 3 |  4- 6 |  7- 9 | 10-12 | 13-15 || total
-------------------------+-------+-------+-------+-------+-------++-------
Melee: Unarmed           |   129 |   204 |   420 |   690 |   786 ||  2229
       Punch             |     1 |       |    17 |    39 |    44 ||   101
       Headbutt          |     1 |       |       |       |       ||     1
       Kick              |       |       |       |       |    36 ||    36
Throw: Tomahawk          |       |       |       |     6 |       ||     6
       Large rock        |       |       |       |     7 |    15 ||    22
 Cast: Beastly Appendage |     3 |       |       |       |       ||     3
       Sticks to Snakes  |     2 |     6 |       |     2 |       ||    10
       Spider Form       |       |       |       |     1 |     1 ||     2
       Ice Form          |       |       |       |     7 |    38 ||    45
       Repel Missiles    |       |       |       |       |     1 ||     1
Invok: Bend Time         |       |       |       |    12 |     8 ||    20
       Temporal Distorti |       |       |       |     6 |     1 ||     7
       Step From Time    |       |       |       |     1 |     1 ||     2
       Slouch            |       |       |       |     9 |     9 ||    18
 Abil: End Transformatio |       |       |       |       |     5 ||     5
Evoke: Wand              |       |       |     1 |       |       ||     1
  Use: Potion            |       |     3 |     2 |     3 |     2 ||    10
       Scroll            |       |     1 |    13 |     9 |    12 ||    35
 Stab: Distracted        |       |     1 |     1 |     1 |     2 ||     5
       Invisible         |       |     2 |       |       |       ||     2
       Sleeping          |       |       |     4 |     7 |    12 ||    23
       Paralysed         |       |       |     6 |       |       ||     6
       Confused          |       |       |       |     2 |       ||     2
  Eat: Chunk             |    16 |     9 |    27 |    53 |    53 ||   158
Armor: Robe              |    45 |    55 |    98 |   139 |    45 ||   382
       Skin              |       |       |       |    34 |    49 ||    83
Dodge: Dodged            |    63 |   114 |   299 |   657 |  1136 ||  2269
